Map: [ESL] Equilibrium

Players

Mixu - Winner!

  • Race: Zerg Zerg
  • League: Grandmaster
  • Spawn Location: 11:00

Highdra

  • Race: Protoss Protoss
  • League: Grandmaster
  • Spawn Location: 1:00

Event: HomeStory Cup XXIV

VOD

Have the link to the VOD?

Description

Time

  • Played on: Dec. 2, 2023, 4:14 p.m.
  • Length: 9:12

All games in this series

Show
View Real Time Build Order
Export as new Build Order

Mixu Zerg - Winner!

Build Orders: Hatch First 

Get SALT Encoding   

  12  0:00  Drone  
  13  0:12  Overlord  
  13  0:17  Drone  
  14  0:31  Drone x2  
  16  0:48  Hatchery  
  15  0:51  Drone  
  15  0:54  Drone  
  17  0:58  Drone  
  18  1:08  Extractor  
  17  1:15  Spawning Pool  
  16  1:19  Drone  
  16  1:22  Drone  
  18  1:28  Drone  
  19  1:38  Drone  
  20  1:50  Overlord  
  20  2:01  Queen x2  
  20  2:02  Drone  
  20  2:03  Zergling x2  
  26  2:12  Zergling x2, Drone  
  26  2:13  Metabolic Boost  
  28  2:22  Zergling x2, Drone  
  30  2:37  Hatchery  
  30  2:43  Queen  
  31  2:48  Overlord  
  31  2:50  Drone  
  32  2:56  Drone x2  
  34  2:58  Zergling x2  
  34  3:00  Zergling x2  
  36  3:08  Drone  
  36  3:12  Overlord  
  37  3:13  Drone  
  37  3:16  Drone x2  
  37  3:17  Drone x2  
  41  3:21  Drone x2  
  41  3:25  Drone  
  44  3:33  Drone x2  
  46  3:40  Hatchery  
  45  3:43  Drone  
  45  3:45  Drone  
  47  3:50  Drone, Roach Warren  
  47  3:52  Drone  
  47  3:54  Drone  
  49  3:58  Drone x2  
  49  4:02  Overlord  
  51  4:06  Spore Crawler  
  51  4:07  Zergling x2  
  51  4:08  Zergling x4  
  53  4:18  Overlord  
  53  4:19  Overlord  
  53  4:30  Roach x6  
  65  4:33  Spore Crawler  
  65  4:34  Spore Crawler  
  63  4:44  Drone  
  64  4:46  Roach  
  64  4:47  Unknown, Overlord  
  64  4:50  Drone x7  
  64  4:51  Drone  
  73  4:55  Spore Crawler  
  73  5:08  Drone  
  73  5:10  Overlord  
  73  5:12  Queen  
  73  5:13  Extractor  
  75  5:19  Roach x5  
  85  5:23  Zergling x4  
  85  5:26  Zergling x8  
  91  5:29  Overlord  
  91  5:30  Drone x2  
  91  5:32  Drone x2  
  95  5:48  Zergling x4  
  95  5:49  Zergling x8, Lair  
  101  5:54  Ravager x3  
  101  5:55  Zergling x12  
  101  5:56  Zergling x4  
  112  5:59  Extractor, Overlord  
  111  6:11  Overlord x2  
  111  6:16  Ravager  
  112  6:18  Overlord  
  112  6:19  Overlord  
  112  6:20  Roach x4  
  119  6:27  Overlord  
  119  6:31  Roach x8  
  135  6:38  Roach x4  
  138  6:47  Roach x5  
  137  6:55  Roach x4  
  137  6:58  Roach x2  
  138  7:02  Roach x2  
  138  7:05  Roach x2  
  140  7:09  Roach x2  
  140  7:12  Glial Reconstitution  
  141  7:18  Roach x4  
  149  7:24  Roach  
  149  7:29  Roach x4  
  159  7:39  Overlord x3  
  157  7:47  Roach  
  157  7:48  Overseer  
  159  7:55  Drone  
  159  7:56  Overlord x2  
  159  7:57  Queen  
  162  7:58  Ravager  
  162  7:59  Roach, Ravager x3  
  162  8:00  Roach  
  162  8:05  Roach x3  
  176  8:10  Roach x3  
  180  8:15  Roach x3  
  184  8:22  Evolution Chamber  
  184  8:24  Roach x4  
  191  8:27  Roach  
  193  8:34  Roach  
  193  8:35  Roach x2  
  199  8:48  Roach x5  
Show
View Real Time Build Order
Export as new Build Order

Highdra Protoss 

Build Orders: 1 Gate Expand, Colossus Rush 

Get SALT Encoding   

  12  0:00  Probe  
  13  0:12  Probe  
  14  0:19  Pylon  
  14  0:24  Probe  
  15  0:37  Probe (Chrono Boost)  
  15  0:40  Gateway  
  16  0:46  Probe (Chrono Boost)  
  16  0:49  Assimilator  
  17  0:51  Probe (Chrono Boost)  
  18  1:03  Probe  
  19  1:15  Probe  
  20  1:25  Nexus  
  20  1:35  Cybernetics Core  
  20  1:38  Probe  
  21  1:46  Assimilator  
  21  1:50  Probe  
  21  1:52  Pylon  
  22  2:02  Probe  
  23  2:09  Adept (Chrono Boost)  
  23  2:11  Warp Gate  
  23  2:14  Probe  
  26  2:23  Robotics Facility  
  26  2:27  Probe (Chrono Boost)  
  27  2:30  Stalker (Chrono Boost)  
  29  2:37  Probe (Chrono Boost)  
  31  2:44  Probe (Chrono Boost)  
  31  2:46  Probe (Chrono Boost)  
  31  2:51  Probe x2 (Chrono Boost)  
  34  3:02  Probe  
  34  3:03  Probe  
  36  3:15  Probe x2  
  36  3:17  Observer  
  39  3:22  Pylon, Robotics Bay  
  40  3:27  Gateway, Probe  
  40  3:28  Probe  
  41  3:35  Assimilator  
  41  3:36  Assimilator  
  41  3:39  Probe  
  41  3:40  Warp Prism (Chrono Boost)  
  44  3:42  Probe  
  45  3:50  Pylon  
  45  3:51  Probe  
  45  3:54  Probe  
  47  4:03  Probe  
  47  4:06  Probe  
  47  4:08  Gravitic Drive, Pylon  
  49  4:15  Disruptor (Chrono Boost), Probe  
  54  4:18  Adept  
  54  4:19  Probe  
  54  4:21  Adept  
  59  4:37  Pylon  
  59  4:40  Gateway  
  59  4:43  Disruptor (Chrono Boost)  
  59  4:44  Gateway  
  63  4:51  Gateway  
  63  4:54  Gateway  
  59  5:09  Colossus (Chrono Boost)  
  59  5:10  Gateway  
  59  5:13  Gateway  
  65  5:15  Pylon  
  65  5:17  Sentry x2  
  65  5:21  Pylon  
  69  5:25  Shield Battery  
  69  5:35  Observer  
  69  5:49  Sentry x2, Stalker x4  
  81  5:53  Pylon  
  81  5:54  Pylon  
  81  6:06  Adept  
  81  6:08  Stalker  
  85  6:17  Stalker x2  
  85  6:18  Stalker x3  
  95  6:22  Stalker  
  97  6:26  Pylon  
  97  6:30  Stalker  
  83  7:08  Stalker, Colossus (Chrono Boost)  
  79  7:09  Stalker x4  
  79  7:10  Stalker x3  
  88  7:39  Stalker x4  
  88  7:40  Stalker x2  
  88  7:41  Stalker  
  102  7:51  Stalker  
  104  8:02  Pylon  
  104  8:17  Stalker x6  
  104  8:18  Stalker  
  118  8:29  Observer, Pylon  
  118  8:30  Pylon  
  109  8:49  Stalker x3  
  109  8:50  Stalker x2  
  77  9:05  Stalker x2  
  77  9:06  Stalker  
Tags
 
Add a new tag
Caveats
  • Supply blocks, unpowered buildings, or Contaminate may cause inaccurate times.
  • Supply counts are checked every 10 seconds.